 Dungeon Sprint DCSS version 0.30-a0-1160-g6e42c06551 (webtiles) character file.

Game seed: 8361001321391886041

383 fozzywoppz the Covert (level 6, 0/32 HPs)
             Began as a Spriggan Enchanter on Apr 25, 2023.
             Was a Follower of Jiyva.
             Slain by a guardian mummy (21 damage)
             ... in the Dungeon (Sprint VII: "The Pits").
             The game lasted 00:06:20 (565 turns).

fozzywoppz the Covert (Spriggan Enchanter)           Turns: 565, Time: 00:06:21

Health: 0/32       AC:  2    Str:  6    XL:     6   Next: 47%
Magic:  14/14      EV: 22    Int: 17    God:    Jiyva [*.....]
Gold:   0          SH:  0    Dex: 15    Spells: 13/15 levels left

rFire   . . .        l - +2 dagger
rCold   . . .        (no shield)
rNeg    . . .        b - +0 robe
rPois   .            (helmet restricted)
rElec   .            (no cloak)
rCorr   .            (gloves unavailable)
SInv    +            (boots unavailable)
Will    +....        (no amulet)
Stlth   +++++        (no ring)
HPRegen 1.05/turn    (no ring)
MPRegen 0.39/turn

%: no teleportation
@: very quick
A: very small, no large weapons, unfitting armour, see invisible, speed 3
a: Renounce Religion


You were in the Dungeon.
You worshipped Jiyva.
Jiyva was aware of your devotion.
You visited 1 branch

Inventory:

Hand Weapons
 a - a +1 dagger
 l - a +2 dagger (weapon)
 m - a +0 dagger of venom
Armour
 b - a +0 robe (worn)
 n - a +0 cloak
Scrolls
 i - a scroll of blinking
 j - 5 scrolls of amnesia
 k - a scroll of butterflies
Potions
 c - 4 potions of invisibility
 d - 6 potions of curing
 e - 7 potions of heal wounds
 f - a potion of haste
 g - 4 potions of magic
 h - a potion of berserk rage


   Skills:
 + Level 2.5 Fighting
 + Level 7.5 Short Blades
 + Level 9.3 Dodging
 + Level 12.0 Stealth
 - Level 5.0 Spellcasting
 - Level 7.0 Hexes


You had 13 spell levels left.
You knew the following spells:

 Your Spells              Type           Power      Damage    Failure   Level
a - Ensorcelled Hibernat  Hex/Ice        32%        N/A       4%          2

Your spell library contained the following spells:

 Spells                   Type           Power      Damage    Failure   Level
 Confusing Touch          Hex            28%        N/A       2%          3
 Tukima's Dance           Hex            28%        N/A       2%          3
 Dazzling Flash           Conj/Hex       32%        N/A       10%         3


Dungeon Overview and Level Annotations

Branches:
Dungeon (1/1)

Altars:
Ashenzari
Cheibriados
Dithmenos
Elyvilon
Fedhas
Gozag
Hepliaklqana
Kikubaaqudgha
Makhleb
Nemelex Xobeh
Okawaru
Qazlal
Ru
Sif Muna
Trog
Uskayaw
Vehumet
Wu Jian
Xom
Yredelemnul
Zin
The Shining One
Jiyva
Lugonu


Innate Abilities, Weirdness & Mutations

You are very small and have problems with some larger weapons.
You are too small for most types of armour.
You have supernaturally acute eyesight. (SInv)
You cover ground extremely quickly. (Speed+++)


Message History

The guardian mummy barely misses you.
You barely miss the guardian mummy.
The guardian mummy is heavily damaged.
The deep elf zephyrmancer hits the jelly with a +0 long sword!
The deep elf zephyrmancer is burned by acid!
The jelly barely misses the deep elf zephyrmancer.
You hit the guardian mummy.
The guardian mummy is heavily damaged.
The guardian mummy completely misses you.
You hit the guardian mummy.
The guardian mummy is heavily damaged.
The deep elf zephyrmancer hits the jelly with a +0 long sword!
The deep elf zephyrmancer is burned by acid!
The jelly hits the deep elf zephyrmancer.
The deep elf zephyrmancer is splashed with acid.
You barely miss the guardian mummy.
The guardian mummy is heavily damaged.
The guardian mummy completely misses you.
The jelly closely misses the deep elf zephyrmancer.
The deep elf zephyrmancer hits the jelly with a +0 long sword!
The jelly dies!
You hit the guardian mummy.
The guardian mummy is heavily damaged.
You hit the guardian mummy.
The guardian mummy is severely damaged.
The guardian mummy closely misses you.
The deep elf zephyrmancer mumbles some strange words.
The deep elf zephyrmancer blinks!
You hit the guardian mummy.
The guardian mummy is severely damaged.
You completely miss the guardian mummy.
The guardian mummy is severely damaged.
The guardian mummy misses you.
You barely miss the guardian mummy.
The guardian mummy is severely damaged.
You hit the guardian mummy.
The guardian mummy is almost destroyed.
The guardian mummy hits you!!
Ouch! That really hurt!
You die...

#†#)....#).##.......#
#.#.....#..##.......#
#.####'##'###...<...#
#)#........##.......#
#)#........##.......#
#+###########.......#
#.......#.)##########
#...#J..#†######
#...#...#@#..F.#
#.##.##J#M#....#
#...#...#.'..e.+
#...#...#'#e...#
#.......'.#....#
################


You could see a guardian mummy (corroded) and a deep elf zephyrmancer.

Vanquished Creatures
  A wolf (D)
  A necrophage (D)
  A scorpion (D)
  Crazy Yiuf (D)
  A gnoll bouda (D)
  An iron imp (D)
  An iguana (D)
  A mummy (D)
  3 gnolls (D)
  A river rat (D)
  2 ufetubi (D)
  An orc (D)
  4 ball pythons (D)
  A jackal (D)
  A quokka (D)
  2 rats (D)
23 creatures vanquished.

Vanquished Creatures (others)
  2 acid blobs (D)
  A deep elf master archer (D)
  A rockslime (D)
  3 azure jellies (D)
  A cacodemon (D)
  A great orb of eyes (D)
  4 hell knights (D)
  A moth of wrath (D)
  A golden eye (D)
  A floating eye (D)
  2 jellies (D)
  An endoplasm (D)
19 creatures vanquished.

Grand Total: 42 creatures vanquished

Notes
Turn   | Place    | Note
-------+----------+-------------------------------------------
     0 | D        | fozzywoppz the Spriggan Enchanter began the quest for the
                  | Orb.
     0 | D        | Reached XP level 1. HP: 9/9 MP: 5/5
    40 | D        | Found a glowing golden altar of the Shining One.
    40 | D        | Found a glowing silver altar of Zin.
    40 | D        | Found a basalt altar of Yredelemnul.
    40 | D        | Found a shimmering altar of Xom.
    40 | D        | Found an ornate altar of the Wu Jian Council.
    40 | D        | Found a bloodstained altar of Trog.
    40 | D        | Found a shimmering blue altar of Sif Muna.
    40 | D        | Found a sacrificial altar of Ru.
    40 | D        | Found a stormy altar of Qazlal.
    40 | D        | Found an iron altar of Okawaru.
    40 | D        | Found a sparkling altar of Nemelex Xobeh.
    40 | D        | Found a burning altar of Makhleb.
    40 | D        | Found a viscous altar of Jiyva.
    40 | D        | Found a hazy altar of Hepliaklqana.
    40 | D        | Found an opulent altar of Gozag.
    40 | D        | Found a blossoming altar of Fedhas.
    40 | D        | Found a white marble altar of Elyvilon.
    40 | D        | Found a shadowy altar of Dithmenos.
    40 | D        | Found a snail-covered altar of Cheibriados.
    41 | D        | Found a radiant altar of Vehumet.
    41 | D        | Found a corrupted altar of Lugonu.
    42 | D        | Found an ancient bone altar of Kikubaaqudgha.
    42 | D        | Found a hide-covered altar of Uskayaw.
    42 | D        | Found a broken altar of Ashenzari.
    52 | D        | Became a worshipper of Jiyva Jiunehar the Shapeless
    53 | D        | Killed a deep elf master archer
    54 | D        | Killed an azure jelly
    56 | D        | Killed a great orb of eyes
    56 | D        | Killed a hell knight
    57 | D        | Killed a hell knight
    58 | D        | Killed a cacodemon
    59 | D        | Killed an azure jelly
    60 | D        | Killed a moth of wrath
    62 | D        | Killed a hell knight
    62 | D        | Killed an acid blob
    62 | D        | Killed a hell knight
    64 | D        | Killed a floating eye
    65 | D        | Killed a rockslime
    66 | D        | Killed an azure jelly
    71 | D        | Killed an acid blob
    73 | D        | Reached skill level 5 in Stealth
    75 | D        | Reached XP level 2. HP: 9/13 MP: 7/7
   101 | D        | Learned a level 2 spell: Ensorcelled Hibernation
   131 | D        | Noticed a scorpion
   194 | D        | Noticed a wolf
   204 | D        | Killed a scorpion
   205 | D        | Reached skill level 5 in Dodging
   205 | D        | Reached skill level 7 in Stealth
   205 | D        | Reached skill level 5 in Spellcasting
   205 | D        | Reached skill level 5 in Hexes
   205 | D        | Reached XP level 3. HP: 16/16 MP: 5/10
   205 | D        | Reached XP level 4. HP: 21/21 MP: 6/12
   271 | D        | Killed a wolf
   272 | D        | Reached skill level 5 in Short Blades
   272 | D        | Reached skill level 8 in Stealth
   272 | D        | Reached XP level 5. HP: 16/24 MP: 7/13
   360 | D        | Reached skill level 10 in Stealth
   411 | D        | Killed a golden eye
   442 | D        | Reached skill level 11 in Stealth
   442 | D        | Reached XP level 6. HP: 29/29 MP: 10/14
   444 | D        | Reached skill level 1 in Fighting
   460 | D        | Reached * piety under Jiyva
   513 | D        | Noticed Crazy Yiuf
   519 | D        | Killed Crazy Yiuf
   520 | D        | Reached skill level 12 in Stealth
   527 | D        | Noticed a deep elf zephyrmancer
   527 | D        | Noticed a guardian mummy
   565 | D        | Slain by a guardian mummy

Illustrated notes

Levels and vault maps discovered:
D:        pitsprint [storerooms_1, entrance_room_1, metal_vault_3, armoury_1,
          mini_pit_1, grid_room_1, main_hall_1, silver_pit, the_coven_3,
          the_vestibule_1, steel_vault_5, golden_pit, hallway_of_sentries,
          crystal_vault_6, iron_vault_1, final_vault]

Skill      XL: |  1  2  3  4  5  6 |
---------------+-------------------+-----
Dodging        | 3 5 6 8 9 |  9.3
Short Blades   | 2 4 5 6 7 |  7.5
Stealth        | 5 7 8 11 12 | 12.0
Spellcasting   | 3 5 |  5.0
Hexes          | 4 5 6 7 |  7.0
Fighting       | 2 |  2.5

Action                     |  1- 3 |  4- 6 || total
---------------------------+-------+-------++-------
  Melee: Dagger            |    21 |    74 ||    95
   Cast: Ensorcelled Hiber |     1 |     8 ||     9
    Use: Potion            |     2 |       ||     2
   Stab: Sleeping          |     3 |    11 ||    14
 Armour: Robe              |     3 |     1 ||     4
  Dodge: Dodged            |    35 |    26 ||    61

Table legend: (Time is in decaauts)
 A = Elapsed time spent in this place.
 B = Non-inter-level travel time spent in this place.
 C = Inter-level travel time spent in this place.
 D = Time resting spent in this place.
 E = Time spent auto-exploring this place.
 F = Levels seen in this place.
 G = Mean time per level.
                   A        B        C        D        E       F      G
               +--------+--------+--------+--------+--------+-----+--------+
         Total |    460 |    460 |      0 |    193 |      0 |   1 |  460.0 |
       Dungeon |    460 |    460 |      0 |    193 |      0 |   1 |  460.0 |
               +--------+--------+--------+--------+--------+-----+--------+

Top non-repeatable levels by time:
       D: 460 daAuts
